 Dungeon Crawl Stone Soup version 0.23.2-1-ga50397a (webtiles) character file.

Game seed: 13590460493351423290

1837 Fang the Skirmisher (level 9, 0/57 HPs)
             Began as a Gargoyle Berserker on May 22, 2019.
             Was an Elder of Trog.
             Slain by a wolf (5 damage)
             ... on level 8 of the Dungeon.
             The game lasted 00:10:45 (7113 turns).

Fang the Skirmisher (Gargoyle Berserker)            Turns: 7113, Time: 00:10:46

Health: 0/57       AC: 19    Str: 25    XL:     9   Next: 11%
Magic:  9/9        EV:  9    Int:  7    God:    Trog [****..]
Gold:   503        SH:  0    Dex: 12    Spells: 8/8 levels left

rFire    + . .     SeeInvis .   a - +0 war axe
rCold    . . .     Gourm    .   (no shield)
rNeg     + . .     Faith    .   b - +0 plate armour
rPois    ∞         Spirit   .   (no helmet)
rElec    +         Reflect  .   (no cloak)
rCorr    .         Harm     .   (no gloves)
MR       .....                  (no boots)
Stlth    ..........             (no amulet)
HPRegen  0.19/turn              k - ring of protection from fire
MPRegen  0.11/turn              m - +3 ring of dexterity

@: berserk cooldown, starving, slowed, very slow
A: negative energy resistance 1, electricity resistance, unbreathing,
petrification resistance, rot immunity, AC +6
a: Berserk, Trog's Hand, Brothers in Arms, Renounce Religion


You were on level 8 of the Dungeon.
You worshipped Trog.
Trog was greatly pleased with you.
You were starving.

You visited 2 branches of the dungeon, and saw 9 of its levels.

You collected 503 gold pieces.

Inventory:

Hand Weapons
 a - a +0 war axe (weapon)
Armour
 b - a +0 plate armour (worn)
Jewellery
 k - a ring of protection from fire (left hand)
 m - a +3 ring of dexterity (right hand)
 n - a +3 ring of intelligence
 C - an uncursed ring of positive energy
Wands
 u - a wand of paralysis (8)
 y - a wand of random effects (6)
 A - a wand of flame (20)
Scrolls
 d - 6 scrolls of identify {unknown}
 f - 2 scrolls of enchant weapon {unknown}
 g - 7 scrolls of remove curse {unknown}
 l - 3 scrolls of enchant armour {unknown}
 o - a scroll of fear {unknown}
 p - 2 scrolls of teleportation {unknown}
 q - a scroll of blinking {unknown}
 r - 3 scrolls of amnesia {unknown}
 x - a scroll of random uselessness {unknown}
 z - a scroll of fog {unknown}
Potions
 e - 4 potions of curing {unknown}
 h - 2 potions of might {unknown}
 i - 3 potions of lignification {unknown}
 j - 2 potions of flight {unknown}
 s - a potion of brilliance {unknown}
 t - a potion of invisibility {unknown}
 v - a potion of haste {unknown}
 w - a potion of degeneration {unknown}
 B - a potion of heal wounds {unknown}
Comestibles
 c - 17 rations


   Skills:
 + Level 7.1 Fighting
 + Level 5.9 Axes
 + Level 6.6 Armour
 + Level 5.0 Dodging


You had 8 spell levels left.
You didn't know any spells.
Your spell library was empty.

Dungeon Overview and Level Annotations

Branches:
Dungeon (8/15)             Temple (1/1) D:6
   Lair: D:8-11

Altars:
Ashenzari
Dithmenos
Fedhas
Gozag
Hepliaklqana
Nemelex Xobeh
Okawaru
Qazlal
Ru
Wu Jian
Yredelemnul
Zin

Shops:
D:6 :


Innate Abilities, Weirdness & Mutations

You are resistant to torment.
Your stone body is resilient. (AC +6)
You are immune to poison.
You resist negative energy. (rN+)
You are resistant to electric shocks. (rElec)
You can survive without breathing.
You are immune to petrification.
You are immune to rotting.


Message History

You miss the wolf. The wolf bites you but does no damage.
The crimson imp blinks!
The wolf bites you but does no damage. The wolf misses you.
You barely miss the wolf. The wolf bites you but does no damage.
The crimson imp blinks!
The wolf bites you but does no damage. The wolf closely misses you.
The crimson imp barely misses you.
You slash the wolf!
The wolf is moderately wounded.
You closely miss the crimson imp.
The wolf bites you but does no damage. x2
The crimson imp closely misses you. The wolf bites you but does no damage.
The crimson imp hits you but does no damage.
You miss the wolf.
The wolf is moderately wounded.
You closely miss the crimson imp. The wolf bites you but does no damage.
The wolf barely misses you.
The crimson imp shouts, "Get thee gone, thou craven miscreant measle!"
The crimson imp hits you.
* * * LOW HITPOINT WARNING * * *
The wolf bites you.
You die...

.# #.# #.. #.# #... #.#
... #.# #.### ##.####
#.#.## #.....#####
###....########.........#
+.........5@h...........+
###....########......###
#.#.## #.....## ##.###
#######.#.###
#...####.........);
#.#.......≈....≈.≈T.
#...###.....≈..≈≈≈≈≈≈
##### #<....≈≈≈;≈≈≈≈≈
#...≈.≈≈≈≈≈.≈h


You could see a wolf and a crimson imp.

Vanquished Creatures
  A troll (D:8)
  Menkaure (D:4)
  A phantom (D:7)
  3 centaurs
  3 bullfrogs (D:7)
  2 scorpions
  2 crimson imps (D:5)
  A quasit (D:7)
  2 hounds
  6 orc wizards
  3 iguanas
  Terence (D:2)
  7 worker ants
  6 gnolls
  9 adders
  3 shadow imps
  2 adder skeletons
  An adder zombie (D:6)
  3 worms
  A dart slug (D:1)
  2 leopard geckos
  11 orcs
  2 ball pythons (D:1)
  3 giant cockroaches
  9 goblins
  10 hobgoblins
  13 jackals
  3 quokkas
  5 bats
  4 frilled lizards
  2 giant cockroach zombies (D:5)
  14 kobolds
  4 rats
140 creatures vanquished.

Notes
Turn   | Place    | Note
-------+----------+-------------------------------------------
     0 | D:1      | Fang the Gargoyle Berserker began the quest for the Orb.
     0 | D:1      | Reached XP level 1. HP: 14/14 MP: 1/1
   293 | D:1      | Reached XP level 2. HP: 19/19 MP: 2/2
   862 | D:2      | Found a shadowy altar of Dithmenos.
   905 | D:2      | Reached XP level 3. HP: 19/24 MP: 3/3
   919 | D:2      | Noticed Terence
   931 | D:2      | Killed Terence
  1034 | D:2      | Found a blossoming altar of Fedhas.
  1147 | D:2      | Reached XP level 4. HP: 29/29 MP: 4/4
  1155 | D:2      | Found a stormy altar of Qazlal.
  1562 | D:3      | Found an ornate altar of the Wu Jian Council.
  1586 | D:3      | Reached ** piety under Trog
  1604 | D:3      | Reached skill level 4 in Fighting
  2783 | D:4      | Found an opulent altar of Gozag.
  2783 | D:4      | Found a sparkling altar of Nemelex Xobeh.
  2853 | D:4      | Reached XP level 5. HP: 30/33 MP: 5/5
  3218 | D:4      | Noticed Menkaure
  3226 | D:4      | Killed Menkaure
  3226 | D:4      | Reached XP level 6. HP: 39/39 MP: 6/6
  3321 | D:4      | Reached *** piety under Trog
  3625 | D:4      | Found a hazy altar of Hepliaklqana.
  3628 | D:4      | Found a basalt altar of Yredelemnul.
  3634 | D:4      | Found an iron altar of Okawaru.
  3724 | D:4      | Reached skill level 5 in Fighting
  3728 | D:4      | Reached XP level 7. HP: 38/44 MP: 7/7
  4105 | D:4      | Found a sacrificial altar of Ru.
  4294 | D:5      | Entered Level 5 of the Dungeon
  4932 | D:5      | Reached **** piety under Trog
  5344 | D:6      | Reached skill level 5 in Armour
  5698 | D:6      | Reached XP level 8. HP: 49/51 MP: 8/8
  5792 | D:6      | Reached skill level 6 in Fighting
  5867 | D:6      | Reached skill level 5 in Axes
  5885 | D:6      | Found Faiza's Book Shop.
  5917 | D:6      | Found a staircase to the Ecumenical Temple.
  5923 | Temple   | Entered the Ecumenical Temple
  6038 | D:6      | Found a glowing silver altar of Zin.
  6653 | D:7      | Found a shattered altar of Ashenzari.
  7090 | D:8      | Noticed a troll
  7104 | D:8      | Killed a troll
  7104 | D:8      | Reached skill level 7 in Fighting
  7104 | D:8      | Reached skill level 5 in Dodging
  7104 | D:8      | Reached XP level 9. HP: 6/57 MP: 9/9
  7113 | D:8      | Slain by a wolf

Skill      XL: |  1  2  3  4  5  6  7  8 |
---------------+-------------------------+-----
Axes           | 3 4 5 |  5.9
Dodging        | 2 3 5 |  5.0
Armour         | 3 4 5 6 |  6.6
Fighting       | 4 5 7 |  7.1

Action                   |  1- 3 |  4- 6 |  7- 9 || total
-------------------------+-------+-------+-------++-------
Melee: Hand axe          |    71 |   186 |       ||   257
       War axe           |       |    58 |   257 ||   315
Invok: Berserk           |       |     2 |     1 ||     3
  Eat: Chunk             |     1 |    10 |    10 ||    21
Armor: Animal skin       |    10 |       |       ||    10
       Chain mail        |    26 |   196 |   170 ||   392
       Plate armour      |       |       |    43 ||    43
Dodge: Dodged            |    46 |   112 |   175 ||   333
